 Dungeon Crawl Stone Soup version 0.25.1-2-g60ff931df9 (webtiles) character file.

Game seed: 2365256706709942582

56 Ivernyr the Chiller (level 3, 0/18 HPs)
             Began as a Vine Stalker Ice Elementalist on Oct 20, 2020.
             Killed by divine providence
             ... invoked by an orc priest
              (10 damage)
             ... on level 3 of the Dungeon.
             The game lasted 00:04:26 (2181 turns).

Ivernyr the Chiller (Vine Stalker Ice Elementalist) Turns: 2181, Time: 00:04:27

Health: 0/18       AC:  3    Str: 10    XL:     3   Next: 97%
Magic:  0/8        EV: 12    Int: 16    God:
Gold:   132        SH:  0    Dex: 14    Spells: 0/7 levels left

rFire    . . .     SeeInvis .   d - +0 whip
rCold    . . .     Gourm    .   (no shield)
rNeg     . . .     Faith    .   a - +0 robe
rPois    .         Spirit   +   p - +0 helmet
rElec    .         Reflect  .   b - scarf {repulsion}
rCorr    .         Harm     .   (no gloves)
MR       .....                  (no boots)
Stlth    ++........             (no amulet)
HPRegen  0.06/turn              (no ring)
MPRegen  0.11/turn              (no ring)

@: frozen ramparts, repel missiles
A: fangs 2, magic shield, antimagic bite, no potion heal 3, rot immunity
a: no special abilities


You were on level 3 of the Dungeon.
You were hungry.

You visited 1 branch of the dungeon, and saw 3 of its levels.

You collected 132 gold pieces.

Inventory:

Hand Weapons
 d - a +0 whip (weapon)
Armour
 a - a +0 robe (worn)
 b - a scarf of repulsion (worn)
 p - a +0 helmet (worn)
Scrolls
 e - a scroll of remove curse {unknown}
 g - a scroll of fear {unknown}
 h - 4 scrolls of identify {unknown}
 k - 3 scrolls of blinking {unknown}
 l - a scroll of enchant armour {unknown}
 o - a scroll of amnesia {unknown}
 q - a scroll of enchant weapon {unknown}
Potions
 f - a potion of haste {unknown}
 i - a potion of stabbing {unknown}
 m - a potion of curing {unknown}
 n - a potion of flight {unknown}
 r - 2 potions of heal wounds {unknown}
 s - a potion of magic {unknown}
Comestibles
 c - 5 rations
 j - 3 chunks of flesh


   Skills:
 + Level 1.1 Fighting
 + Level 2.0 Dodging
 - Level 2.4 Stealth
 + Level 2.7 Spellcasting
 * Level 4.6 Ice Magic


You couldn't memorise any spells.
You knew the following spells:

 Your Spells              Type           Power        Failure   Level  Hunger
a - Freeze                Ice            ###.         3%          1    #......
b - Frozen Ramparts       Ice            ###...       9%          3    ###....
c - Ozocubu's Armour      Chrm/Ice       #.......     22%         3    ###....

Your spell library contained the following spells:

 Spells                   Type           Power        Failure   Level  Hunger
 Hailstorm                Conj/Ice       #.......     58%         4    #####..
 Summon Ice Beast         Ice/Summ       #.......     58%         4    #####..


Dungeon Overview and Level Annotations

Branches:
Dungeon (3/15)

Altars:
Hepliaklqana


Innate Abilities, Weirdness & Mutations

You have extremely sharp teeth.
When hurt, damage is shared between your health and your magic reserves.
Your bite disrupts and absorbs the magic of your enemies.
Potions cannot restore your health.
You are immune to rotting.


Message History

You freeze the orc.
The orc is heavily wounded.
The orc shouts!
The orc misses you.
Casting: Freeze (safe; 3% risk of failure)
Confirm with . or Enter, or press ? or * to list all spells.
The spell is extremely dangerous to cast (9% risk of failure)!
Continue anyway?
The walls around you are covered in ice.
You are feeling hungry.
The wall freezes the orc.
You kill the orc!
The wall freezes the orc priest.
The orc priest invokes the aid of Beogh against you.
Pain shoots through your body!
The wall freezes the orc.
The wall freezes the orc priest.
The wall freezes the orc priest.
The orc priest calls down the wrath of Beogh upon you.
Beogh smites you!
Ouch! That really hurt!
You die...

#..#.##.# #....##.#
....##.#
.###..##.####.##
..<....#........ .
#...#.############## ..#
##................... ..
#$...................
#.##.##@................
#.......######...#......
####o#### #...####.##
......o.# #.......##.##
.#####.o# #.......##...
#o.# #.....#.##### ...#
#.....#.# #. ...##
#.....#.# ##. ##.
#.......###..


You could see an orc priest and an orc.

Vanquished Creatures
  An adder (D:2)
  A leopard gecko (D:1)
  An orc (D:3)
  5 giant cockroaches
  6 goblins
  4 hobgoblins
  3 jackals (D:2)
  3 ball pythons
  3 bats
  A frilled lizard (D:1)
  6 kobolds
  A leopard gecko skeleton (D:2)
  6 rats
41 creatures vanquished.

Notes
Turn   | Place    | Note
-------+----------+-------------------------------------------
     0 | D:1      | Ivernyr the Vine Stalker Ice Elementalist began the quest
                  | for the Orb.
     0 | D:1      | Reached XP level 1. HP: 9/9 MP: 4/4
   306 | D:1      | Reached XP level 2. HP: 12/14 MP: 0/6
  1137 | D:1      | Reached XP level 3. HP: 17/17 MP: 3/7
  1142 | D:1      | Learned a level 3 spell: Frozen Ramparts
  1146 | D:1      | Learned a level 3 spell: Ozocubu's Armour
  1542 | D:2      | Found a hazy altar of Hepliaklqana.
  1552 | D:2      | Reached skill level 1 in Fighting
  2181 | D:3      | Killed from afar by an orc priest

Illustrated notes

Levels and vault maps discovered:
D:1:      dpeg_arrival_three_same_balls, layout_basic
D:2:      layout_basic, lemuel_crystal_altar, first_ration, minmay_pentomino_w2
D:3:      minmay_door_path, layout_loops_cross, mrwooster_statue_mirror,
          kennysheep_generic_room_11, uniq_sigmund

Skill      XL: |  1  2  3 |
---------------+----------+-----
Fighting       | 1 |  1.1
Dodging        | 2 |  2.0
Stealth        | |  2.4
Spellcasting   | |  2.7
Ice Magic      | |  4.6

Action                   || total
-------------------------++-------
Melee: Unarmed           ||     9
       Whip              ||    42
       Bite              ||    13
 Cast: Freeze            ||    51
       Frozen Ramparts   ||     1
 Stab: Sleeping          ||     5
  Eat: Chunk             ||     4
Armor: Robe              ||    16
Dodge: Dodged            ||    65
